 Dungeon Crawl Stone Soup version 0.24.0-2-g5b39cebb1c (webtiles) character file.

Game seed: 12360293502978629685, levelgen mode: deterministic

2314 exaltech the Grappler (level 9, 0/80 HPs)
             Began as a Troll Monk on Oct 31, 2019.
             Was a Priest of Qazlal.
             Slain by a hippogriff (4 damage)
             ... on level 7 of the Dungeon.
             The game lasted 00:12:02 (5381 turns).

exaltech the Grappler (Troll Monk)                  Turns: 5381, Time: 00:12:02

Health: 0/80       AC:  9    Str: 21    XL:     9   Next: 18%
Magic:  8/8        EV: 11    Int:  9    God:    Qazlal [***...]
Gold:   469        SH:  4    Dex: 15    Spells: 8/8 levels left

rFire    . . .     SeeInvis .     - Unarmed
rCold    . . .     Gourm    +   (no shield)
rNeg     . . .     Faith    .   a - +1 robe
rPois    .         Spirit   .   (helmet restricted)
rElec    .         Reflect  .   h - scarf {repulsion}
rCorr    .         Harm     .   (gloves unavailable)
MR       .....                  (boots unavailable)
Stlth    +.........             (no amulet)
HPRegen  0.63/turn              o - +2 ring of protection
MPRegen  0.11/turn              f - +3 ring of intelligence

@: repel missiles
A: large, unfitting armour, claws 3, fast metabolism 3, gourmand, regeneration
1, shaggy fur 1, tough skin 3
a: Upheaval, Elemental Force, Renounce Religion


You were on level 7 of the Dungeon.
You worshipped Qazlal.
Qazlal was most pleased with you.
You were not hungry.

You visited 1 branch of the dungeon, and saw 7 of its levels.

You collected 469 gold pieces.

Inventory:

Armour
 a - a +1 robe (worn)
 h - a scarf of repulsion (worn)
Jewellery
 f - a +3 ring of intelligence (right claw)
 o - a +2 ring of protection (left claw)
Wands
 j - a wand of acid (10)
Scrolls
 d - 5 scrolls of teleportation
 e - 4 scrolls of identify
 g - a scroll of blinking {unknown}
 i - a scroll of enchant armour
 m - 3 scrolls of fear {unknown}
 n - 3 scrolls of remove curse
 q - a scroll of amnesia
 r - a scroll of noise {unknown}
Potions
 c - 3 potions of ambrosia {unknown}
 k - 2 potions of magic {unknown}
 l - a potion of degeneration {unknown}
 p - a potion of resistance {unknown}
 s - a potion of mutation {unknown}
 t - a potion of flight {unknown}
Comestibles
 b - 12 rations


   Skills:
 - Level 2.9 Fighting
 - Level 3.3 Dodging
 - Level 1.3 Stealth
 + Level 11.8 Unarmed Combat


You had 8 spell levels left.
You didn't know any spells.
Your spell library contained the following spells:

 Spells                   Type           Power        Failure   Level  Hunger
 Beastly Appendage        Tmut           #.....       38%         1    ##.....
 Sticks to Snakes         Tmut           #.......     52%         2    ###....
 Spider Form              Tmut/Pois      #.........   77%         3    ####...
 Ice Form                 Ice/Tmut       #.......     99%         4    #####..
 Blade Hands              Tmut           #.........   100%        5    ######.


Dungeon Overview and Level Annotations

Branches:
Dungeon (7/15)
 Temple: D:4-7

Altars:
Dithmenos
Gozag
Hepliaklqana
Kikubaaqudgha
Makhleb
Nemelex Xobeh
Okawaru
Qazlal
Sif Muna
Vehumet
Wu Jian
Xom
Yredelemnul
Beogh

Shops:
D:5 =*

Annotations:
D:6 3 runed translucent doors, MovingMist's ghost, novice GrFi


Innate Abilities, Weirdness & Mutations

You are too large for most types of armour.
You have claws for hands.
Your metabolism is lightning-fast.
You like to eat raw meat.
Your natural rate of healing is unusually fast.
You are covered in fur. (AC +1)
You have extremely tough skin. (AC +3)


Message History

The quokka bites you but does no damage.
The hippogriff bites you.
* * * LOW HITPOINT WARNING * * *
The hippogriff pecks you.
* * * LOW HITPOINT WARNING * * *
The hippogriff claws you.
* * * LOW HITPOINT WARNING * * *
The quokka bites you.
* * * LOW HITPOINT WARNING * * *
You can move again.
Unknown command.
Unknown command.
Unknown command.
Okay, then.
You eat one of the 13 rations.
That ration really hit the spot!
The quokka misses you.
The hippogriff bites you but does no damage.
The hippogriff pecks you but does no damage.
The hippogriff claws you.
You die...

... ### .. ...
.###........ #.. #.#
#$#.##.#... #.. #.# #.$.
......# #...#.# #..#
#.#.#.#
#.#...#.###..###.#.#.#
........=##..#.....#.#
.......?r†...#.......#
........H@.)........#
###...#.§##.##...>..######
............##............
###...##............######
##(# ###..........# #.
##.####.##.# # #.# #.#...#
#.# #..#.#.####
.#.........


You could see a hippogriff and a quokka.

Vanquished Creatures
  Prince Ribbit (D:5)
  2 hungry ghosts (D:7)
  An orc warrior (D:6)
  An ice beast (D:5)
  A phantom (D:6)
  3 ogres
  3 bullfrogs
  A scorpion (D:4)
  A howler monkey (D:5)
  A crimson imp (D:5)
  2 jellies (D:6)
  A bullfrog zombie (D:5)
  4 orc wizards
  7 orc priests
  2 hounds
  Natasha (thrice) (D:2)
  2 iguanas
  6 worker ants
  2 hound skeletons (D:5)
  3 worker ant zombies
  4 gnolls (D:2)
  A howler monkey skeleton (D:5)
  5 adders
  A shadow imp (D:6)
  2 oozes (D:1)
  An adder zombie (D:6)
  An adder skeleton (D:4)
  2 dart slugs (D:1)
  6 leopard geckos
  27 orcs
  5 giant cockroaches
  6 goblins
  4 hobgoblins
  16 jackals
  2 kobolds (D:3)
  5 quokkas
  A ball python (D:4)
  8 bats
  6 frilled lizards
  A quokka zombie (D:6)
  10 rats
161 creatures vanquished.

Notes
Turn   | Place    | Note
-------+----------+-------------------------------------------
     0 | D:1      | exaltech the Troll Monk began the quest for the Orb.
     0 | D:1      | Reached XP level 1. HP: 22/22 MP: 0/0
    98 | D:1      | Reached XP level 2. HP: 29/29 MP: 1/1
   260 | D:1      | Reached XP level 3. HP: 36/36 MP: 2/2
   909 | D:2      | Reached XP level 4. HP: 44/44 MP: 3/3
  1019 | D:2      | Reached skill level 4 in Unarmed Combat
  1229 | D:2      | Found a shimmering altar of Xom.
  1235 | D:2      | Found a shimmering altar of Xom.
  1235 | D:2      | Found a shimmering altar of Xom.
  1329 | D:2      | Found a shimmering altar of Xom.
  1465 | D:2      | Reached XP level 5. HP: 46/52 MP: 4/4
  1862 | D:3      | Noticed Natasha
  1884 | D:2      | Killed Natasha
  1884 | D:2      | Reached skill level 5 in Unarmed Combat
  2126 | D:2      | Noticed Natasha
  2138 | D:2      | Killed Natasha
  2348 | D:2      | Noticed Natasha
  2359 | D:2      | Killed Natasha
  2359 | D:2      | Reached XP level 6. HP: 55/59 MP: 5/5
  2438 | D:2      | Reached skill level 6 in Unarmed Combat
  2546 | D:3      | Found a hazy altar of Hepliaklqana.
  2571 | D:3      | Found a burning altar of Makhleb.
  2571 | D:3      | Found a stormy altar of Qazlal.
  2588 | D:3      | Became a worshipper of Qazlal Stormbringer
  2588 | D:3      | Reached * piety under Qazlal
  2588 | D:3      | Reached ** piety under Qazlal
  2659 | D:3      | Found a basalt altar of Yredelemnul.
  2845 | D:4      | Found an ornate altar of the Wu Jian Council.
  2862 | D:4      | Found an opulent altar of Gozag.
  2899 | D:4      | Found a sparkling altar of Nemelex Xobeh.
  3063 | D:4      | Reached skill level 7 in Unarmed Combat
  3063 | D:4      | Reached XP level 7. HP: 14/66 MP: 6/6
  3407 | D:5      | Entered Level 5 of the Dungeon
  3407 | D:5      | Found Qithun Idgh's Jewellery Shop.
  3445 | D:5      | Reached skill level 8 in Unarmed Combat
  3468 | D:5      | Found Mumilatz's Assorted Antiques.
  3509 | D:5      | Noticed Prince Ribbit
  3533 | D:5      | Killed Prince Ribbit
  3533 | D:5      | Reached skill level 9 in Unarmed Combat
  3533 | D:5      | Reached XP level 8. HP: 17/74 MP: 7/7
  3736 | D:5      | Found an iron altar of Okawaru.
  4041 | D:5      | Found a shimmering blue altar of Sif Muna.
  4257 | D:6      | Found a radiant altar of Vehumet.
  4280 | D:6      | Reached *** piety under Qazlal
  4286 | D:6      | Noticed MovingMist's ghost (novice GrFi)
  4411 | D:6      | Reached skill level 10 in Unarmed Combat
  4710 | D:6      | Found a shadowy altar of Dithmenos.
  4988 | D:6      | Found a runed translucent gate.
  4989 | D:6      | Found a runed translucent gate.
  4989 | D:6      | Identified the cursed +1 flail of Veoxougu {vamp, *Rage
                  | +Rage rElec MR+}
  4990 | D:6      | Found a runed translucent gate.
  4991 | D:6      | Found a roughly hewn altar of Beogh.
  5234 | D:7      | Found an ancient bone altar of Kikubaaqudgha.
  5254 | D:7      | Reached skill level 11 in Unarmed Combat
  5334 | D:7      | Reached XP level 9. HP: 77/80 MP: 8/8
  5372 | D:7      | Paralysed by fainting for 8 turns
  5380 | D:7      | HP: 4/80 [hippogriff (2)]
  5381 | D:7      | Slain by a hippogriff

Levels and vault maps discovered:
D:1:      tarquinn_simple_flora_water_e, layout_loops_ring
D:2:      layout_loops_ring, xom_redecorated, first_ration, serial_forest,
          infiniplex_forest_end_2, infiniplex_forest_end_2,
          infiniplex_forest_clump_small, infiniplex_forest_clump_curved,
          infiniplex_forest_straight_5, infiniplex_forest_clump_long,
          infiniplex_forest_straight_5, minivault_4,
          hangedman_abyss_or_decor_lesser_grid
D:3:      layout_rooms, lemuel_round_altar, grunt_temple_overflow_open,
          old_standard_altar, uniq_natasha
D:4:      layout_basic, kennysheep_little_box, nicolae_overflow_crystal_walls,
          nicolae_gozag_cash_rules_everything_around_me
D:5:      layout_rooms, lemuel_round_altar, kennysheep_okawaru_gauntlet,
          serial_shops, shop, shop, uniq_prince_ribbit1
D:6:      layout_basic, vehumet_crystals, grunt_dithmenos_shadows,
          biasface_ghost_orc_armoury
D:7:      layout_loops_ring, kiku_gazebo_pond_becter, minmay_temple_entry_fiery,
          minmay_fractal_squares_5, uniq_harold

Skill      XL: |  1  2  3  4  5  6  7  8 |
---------------+-------------------------+-----
Dodging        | 3 |  3.3
Unarmed Combat | 4 5 7 9 11 | 11.8
Fighting       | |  2.9
Stealth        | |  1.3

Action                   |  1- 3 |  4- 6 |  7- 9 || total
-------------------------+-------+-------+-------++-------
Melee: Unarmed           |    99 |   143 |   203 ||   445
       Punch             |     1 |     4 |     6 ||    11
  Use: Scroll            |       |     6 |       ||     6
 Stab: Sleeping          |     3 |       |       ||     3
  Eat: Chunk             |     6 |    18 |    18 ||    42
       Ration            |       |       |     2 ||     2
Armor: Robe              |    36 |    47 |    79 ||   162
Dodge: Dodged            |    55 |    84 |   100 ||   239
       Deflected         |       |       |     1 ||     1
Block: Other             |       |     1 |    31 ||    32
